[Event "Team 45 45 League T56"]
[Site "Internet Chess Club"]
[Date "2013.03.14"]
[Round "4"]
[White "divy7"]
[Black "fledermaus"]
[Result "0-1"]
[WhiteElo "1670"]
[BlackElo "1955"]
[Opening "Sicilian defense"]
[ECO "B40"]
[Time "19:00:51"]
[TimeControl "2700+45"]

1. e4 c5 2. Nf3 e6 3. Bc4 a6 4. c3 d5 5. exd5 exd5 6. Bb3 Bf5 7. d4 c4 8. Qe2+
Be7 9. Bc2 Bxc2 10. Qxc2 Nf6 11. Bg5 O-O 12. Bxf6 Bxf6 13. O-O Nc6 14. Nbd2 Qd7
15. Rfe1 Rfe8 16. Nf1 g6 17. h3 b5 18. a3 Bg7 19. Ne3 Re7 20. Re2 Rae8 21. Rae1
f6 22. Nf1 Kf7 23. Qd1 Bh6 24. N1d2 Re6 25. Kf1 Na5 26. Rxe6 Rxe6 27. Rxe6 Qxe6
28. Qe2 Nc6 29. Qxe6+ Kxe6 30. Ke2 a5 31. Kd1 b4 32. axb4 axb4 33. Kc2 b3+ 34.
Kd1 Nb8 35. Nh2 Nd7 36. Nhf3 Nb6 37. Kc1 Na4 38. Kb1 Bf4 39. Nf1 Bc7 40. Ne3 Ba5
41. Nd1 Kf5 42. Ne1 Ke4 43. f3+ Kf4 44. Kc1 Bc7 45. Nf2 h5 46. Nh1 Ke3 47. f4
Bxf4 48. Nf3 g5 49. Ng1 g4 50. Kb1 Bh2 51. hxg4 hxg4 52. Nh3 gxh3 53. gxh3 Kf3
54. h4 Bf4 {White resigns} 0-1

[Event "Team 45 45 League T56"]
[Site "Internet Chess Club"]
[Date "2013.03.16"]
[Round "4"]
[White "jonesey"]
[Black "zigzag2002"]
[Result "0-1"]
[WhiteElo "1869"]
[BlackElo "2010"]
[Opening "Sicilian: Nimzovich-Rossolimo attack (without ...d6)"]
[ECO "B30"]
[Time "10:00:56"]
[TimeControl "2700+45"]

1. e4 c5 2. Nf3 Nc6 3. Bb5 e6 4. O-O Nge7 5. c3 a6 6. Ba4 b5 7. Bc2 d5 8. e5 Ng6
9. d4 Be7 10. Nbd2 O-O 11. Nb3 c4 12. Nbd2 b4 13. Re1 bxc3 14. bxc3 Qa5 15. Re3
Bd7 16. Ne1 f6 17. Qh5 f5 18. Rh3 Nf4 19. Qxh7+ Kf7 20. Rh6 Rh8 21. Qxh8 Rxh8
22. Rxh8 Qxc3 23. Rb1 Nxd4 {White resigns} 0-1

[Event "Team 45 45 League T56"]
[Site "Internet Chess Club"]
[Date "2013.03.17"]
[Round "4"]
[White "juniorVishy"]
[Black "gcl"]
[Result "0-1"]
[WhiteElo "1651"]
[BlackElo "1674"]
[Opening "QGD: Cambridge Springs defense, Capablanca variation"]
[ECO "D52"]
[Time "18:00:33"]
[TimeControl "2700+45"]

1. d4 d5 2. c4 c6 3. Nc3 Nf6 4. Nf3 e6 5. Bg5 Nbd7 6. e3 Qa5 7. Bxf6 Nxf6 8. Nd2
Bb4 9. Qc2 Bxc3 10. bxc3 dxc4 11. Bxc4 Nd5 12. O-O Qxc3 13. Qxc3 Nxc3 14. Rfc1
Nd5 15. Rab1 O-O 16. Ne4 Rd8 17. Bxd5 cxd5 18. Nc5 b6 19. Nd3 Ba6 20. Ne5 Rac8
21. Nc6 Rd7 22. Ne5 Rdc7 23. Rxc7 Rxc7 24. g3 f6 25. Nf3 Rc2 26. Ra1 Bc4 27. a3
b5 28. Ne1 Rb2 29. Nf3 a5 30. Ne1 Kf7 31. Kg2 Ke7 32. Kf3 Be2+ 33. Kg2 Kd6 34.
Kg1 Bc4 35. Nf3 Ra2 36. Rxa2 Bxa2 37. Kf1 b4 38. axb4 axb4 39. Ne1 Bb1 40. Ke2
Kc6 41. Kd2 Kb5 42. Kc1 Be4 43. Kb2 Kc4 44. f3 Bg6 45. h4 e5 46. dxe5 fxe5 47.
Ng2 d4 48. exd4 exd4 49. g4 Bf7 50. h5 Bd5 51. Nh4 Kd3 52. Nf5 Bxf3 53. g5 g6
54. hxg6 hxg6 55. Nd6 Bd5 56. Nc8 Ke2 57. Nb6 Be6 58. Na4 d3 59. Nc5 d2 60. Nxe6
d1=Q 61. Nf4+ Kd2 62. Nd5 Qc2+ 63. Ka1 b3 64. Nb4 Qc1# {White checkmated} 0-1

[Event "Team 45 45 League T56"]
[Site "Internet Chess Club"]
[Date "2013.03.19"]
[Round "4"]
[White "calily"]
[Black "BetterthanU"]
[Result "1-0"]
[WhiteElo "1721"]
[BlackElo "1498"]
[Opening "Réti opening"]
[ECO "A04"]
[Time "16:00:21"]
[TimeControl "2700+45"]

1. Nf3 e6 2. d4 d5 3. g3 c5 4. e3 Nc6 5. Bg2 Nf6 6. Nbd2 Qa5 7. O-O cxd4 8. Nb3
Qb6 9. Nbxd4 Bc5 10. Nxc6 bxc6 11. Ne5 O-O 12. b3 Bb4 13. Bb2 Ba6 14. c4 dxc4
15. bxc4 Rad8 16. Qa4 c5 17. Rfd1 Qa5 18. Qb3 Qb6 19. Qc2 Bb7 20. a3 Bxg2 21.
Kxg2 Ba5 22. Rab1 Qc7 23. Qa4 Qb7+ 24. Kg1 Rxd1+ 25. Qxd1 Rd8 26. Qa4 Bc7 27.
Nc6 Rd2 28. Qb5 Qxb5 29. cxb5 Nd5 30. Nxa7 c4 31. Bc1 Rd3 32. Nc6 c3 33. Nd4 Bb6
34. Nc2 Ba5 35. Kg2 Rd2 36. Bxd2 cxd2 37. Rd1 Bc3 38. Nd4 Nb6 39. Nb3 Nc4 40. b6
Nxb6 41. Nxd2 {Black resigns} 1-0

[Event "Team 45 45 League T56"]
[Site "Internet Chess Club"]
[Date "2013.03.19"]
[Round "4"]
[White "koni"]
[Black "minke"]
[Result "1-0"]
[WhiteElo "1913"]
[BlackElo "1869"]
[Opening "Robatsch (modern) defense"]
[ECO "B06"]
[Time "02:05:29"]
[TimeControl "2700+45"]

1. e4 g6 2. d4 Bg7 3. Nc3 d6 4. Be3 Nf6 5. Qd2 Ng4 6. Bg5 Nc6 7. f3 h6 8. Bh4
Nf6 9. O-O-O e5 10. dxe5 Nxe5 11. f4 Nc6 12. e5 dxe5 13. Qxd8+ Nxd8 14. Bxf6
Bxf6 15. Nd5 exf4 16. Nxf6+ Ke7 17. Nd5+ {Black resigns} 1-0

[Event "Team 45 45 League T56"]
[Site "Internet Chess Club"]
[Date "2013.03.15"]
[Round "4"]
[White "Tamarin"]
[Black "John3v16"]
[Result "1/2-1/2"]
[WhiteElo "1886"]
[BlackElo "1744"]
[Opening "QGD Slav: 3.Nf3"]
[ECO "D11"]
[Time "23:32:09"]
[TimeControl "2700+45"]

1. d4 d5 2. c4 c6 3. Nf3 dxc4 4. e3 b5 5. a4 e6 6. axb5 Bb4+ 7. Bd2 Bxd2+ 8.
Qxd2 cxb5 9. b3 a5 10. bxc4 b4 11. Bd3 Bb7 12. Qd1 Nf6 13. Nbd2 Nbd7 14. O-O O-O
15. Qb3 Nb6 16. e4 Qe7 17. c5 Nbd7 18. Ra2 Rfb8 19. Rfa1 Qd8 20. Nc4 Nxe4 21.
Bxe4 Bxe4 22. Rxa5 Bd5 23. Rxa8 Rxa8 24. Rb1 Rb8 25. Qd3 Qf6 26. Nfd2 Qg5 27.
Nf3 Qf4 28. Qd2 Qf5 29. Rxb4 Ra8 30. Qd1 h6 31. h3 Nf6 32. Nd6 Qf4 33. Rb1 Bxf3
34. Qxf3 Qxf3 35. gxf3 Ne8 36. Nc4 Ra4 37. Rb8 Rxc4 38. Rxe8+ Kh7 39. Rd8 Kg6
40. Kg2 Kf5 41. Kg3 e5 42. dxe5 Kxe5 43. Rc8 Ke6 44. f4 Kd7 45. Rg8 g6 46. Rf8
Ke7 47. Rc8 Kd7 {Game drawn by mutual agreement} 1/2-1/2

[Event "Team 45 45 League T56"]
[Site "Internet Chess Club"]
[Date "2013.03.16"]
[Round "4"]
[White "drsigmund1"]
[Black "kabindra"]
[Result "1/2-1/2"]
[WhiteElo "1603"]
[BlackElo "1809"]
[Opening "King's Indian: London system"]
[ECO "A48"]
[Time "14:00:49"]
[TimeControl "2700+45"]

1. d4 Nf6 2. Nf3 g6 3. Bf4 Bg7 4. e3 O-O 5. h3 d6 6. Be2 Bf5 7. Nbd2 Nd5 8. Bh2
Nb4 9. e4 Bd7 10. c3 N4c6 11. Qb3 b6 12. Nc4 a5 13. O-O e6 14. Rad1 Ne7 15. Ne3
Qe8 16. d5 Ba4 17. Qc4 Bxd1 18. Bxd1 exd5 19. Nxd5 Nxd5 20. Qxd5 Na6 21. Nd4 Nc5
22. Re1 Nd7 23. Ba4 Nf6 24. Bxe8 Nxd5 25. Bc6 Ne7 26. Bxa8 Rxa8 27. Nb5 Rc8 28.
e5 dxe5 29. Bxe5 Bxe5 30. Rxe5 Kf8 31. g4 c6 32. Nd6 Rd8 33. Nc4 Nd5 34. Re4 a4
35. Ne5 c5 36. Rxa4 Re8 37. Nd7+ Kg7 38. c4 Re1+ 39. Kh2 Nb4 40. Nxb6 Re2 41. a3
Rxf2+ 42. Kg3 Nd3 43. b4 cxb4 44. axb4 Rb2 45. Nd5 Rb3 46. Kg2 Nb2 47. Ra2 Nxc4
48. Rc2 Ne5 49. Rc3 Rb2+ 50. Kg3 Rd2 51. Nc7 Nd3 52. Rb3 Nc1 53. Rb1 Ne2+ 54.
Kf3 Nc3 55. Rb3 Rd3+ 56. Kg2 Rd2+ 57. Kf1 Rd1+ 58. Kg2 Rd2+ 59. Kf1 Rd3 60. b5
Rxh3 61. b6 Rd3 62. b7 Rd1+ 63. Kg2 Rd2+ 64. Kf1 Rd1+ 65. Kg2 Rd2+ {Game drawn
by mutual agreement} 1/2-1/2

[Event "Team 45 45 League T56"]
[Site "Internet Chess Club"]
[Date "2013.03.18"]
[Round "4"]
[White "Helaman"]
[Black "cityprosecutor"]
[Result "1/2-1/2"]
[WhiteElo "1848"]
[BlackElo "1842"]
[Opening "Grünfeld: exchange, Spassky variation"]
[ECO "D87"]
[Time "22:09:26"]
[TimeControl "2700+45"]

1. d4 Nf6 2. c4 g6 3. Nc3 d5 4. cxd5 Nxd5 5. e4 Nxc3 6. bxc3 c5 7. Bc4 Bg7 8.
Ne2 O-O 9. O-O Nc6 10. Be3 Bd7 11. Rb1 cxd4 12. cxd4 Rc8 13. Bd3 b6 14. Qd2 Na5
15. Rfc1 e6 16. Rxc8 Qxc8 17. Rc1 Qb7 18. Rc2 Bc6 19. f3 Rd8 20. Qc1 Rc8 21. Bd2
Bd7 22. Rxc8+ Qxc8 23. Qxc8+ Bxc8 24. Bxa5 bxa5 25. Kf2 Kf8 26. Ke3 Ke7 27. Nc3
Kd7 28. Ne2 Kc6 29. e5 Bf8 30. Be4+ Kb6 31. g3 Ba6 32. Nc3 Bc4 33. f4 Bb4 34.
Bd3 Bxc3 35. Bxc4 {Game drawn by mutual agreement} 1/2-1/2

[Event "Team 45 45 League T56"]
[Site "Internet Chess Club"]
[Date "2013.03.17"]
[Round "4"]
[White "CKNIGHT3"]
[Black "misuc56"]
[Result "1-0"]
[WhiteElo "1660"]
[BlackElo "1787"]
[Opening "QGD: 3.Nc3"]
[ECO "D31"]
[Time "17:00:39"]
[TimeControl "2700+45"]

1. d4 d5 2. c4 e6 3. Nc3 f5 4. f4 c6 5. e3 Nf6 6. Nf3 Bd6 7. a3 a6 8. c5 Bc7 9.
b4 O-O 10. Bd3 Qe7 11. O-O Nbd7 12. Bc2 Ne4 13. Bb2 Ndf6 14. Ne5 Bd7 15. Nxe4
dxe4 16. Qd2 Be8 17. Bb3 Nd5 18. Nc4 Rf6 19. Qe2 Rh6 20. Qf2 Bf7 21. Ne5 Bxe5
22. fxe5 Kh8 23. Bc1 Rg8 24. Bd2 g5 25. a4 Be8 26. Rab1 Nc7 27. Rb2 Rhg6 28. Be1
h5 29. Qe2 Rh6 30. Qd2 h4 31. Rb1 Rg7 32. h3 g4 33. hxg4 Rxg4 34. Kh2 Qh7 35.
Rf4 Rg7 36. Rb2 h3 37. g3 Bh5 38. b5 axb5 39. axb5 Nxb5 40. Rh4 Bf7 41. Qa5 Rxh4
42. Qd8+ Bg8 43. Qxh4 Qxh4 44. gxh4 f4 45. exf4 Nxd4 46. Kxh3 Bh7 47. Bd1 Bf5+
48. Kh2 e3 49. Bc3 Nb5 50. Be1 Be4 51. Bh5 Kh7 52. Rb3 Bd5 53. Rxe3 Rg2+ 54. Kh3
Rg1 55. Bf2 Rg2 56. Re2 Rg7 57. Bg4 Nc3 58. Rc2 Ne4 59. h5 Rf7 60. Be3 Rf8 61.
Rb2 Rf7 62. Kh4 Nc3 63. Rf2 Be4 64. Bxe6 Re7 65. f5 Re8 66. f6 Rf8 67. Rf4 Bd5
68. Bf5+ Kh8 69. e6 Bxe6 70. Bxe6 Nd5 71. Bxd5 cxd5 72. f7 {Black resigns} 1-0

[Event "Team 45 45 League T56"]
[Site "Internet Chess Club"]
[Date "2013.03.13"]
[Round "4"]
[White "justice02"]
[Black "tightfist"]
[Result "1-0"]
[WhiteElo "1743"]
[BlackElo "1625"]
[Opening "French defense"]
[ECO "C01"]
[Time "21:03:03"]
[TimeControl "2700+45"]

1. e4 e6 2. d4 c5 3. c3 cxd4 4. cxd4 d5 5. e5 Nc6 6. a3 Qb6 7. Nf3 Nge7 8. Nc3
a6 9. Bd3 Ng6 10. h4 h6 11. Bc2 Bd7 12. h5 Nge7 13. Na4 Qc7 14. Nc5 b6 15. Nxd7
Qxd7 16. Qe2 Nf5 17. Qd3 g6 18. g4 Nfe7 19. hxg6 fxg6 20. Bg5 Bg7 21. Bf6 Rg8
22. Bxg7 Rxg7 23. Rxh6 b5 24. O-O-O O-O-O 25. Kb1 Kb7 26. Nd2 Rf8 27. Nb3 Kb6
28. f3 Rf4 29. Qc3 Ka7 30. Rh8 Ng8 31. Qc5+ Kb7 32. Rd3 Qe7 33. Rc3 Qd7 34.
Qxc6+ Qxc6 35. Na5+ Kb6 36. Rxc6+ Ka7 37. Rxe6 Rxf3 38. Bxg6 Ne7 39. Rxe7+ Rxe7
40. Nc6+ Kb6 41. Nxe7 Rg3 42. Bf5 Ka5 43. Nxd5 Rd3 44. Bxd3 {Black resigns} 1-0